AoeStats
← BottleDry

Arena

509465125Analyzed
4v4 RM · 5d ago on Sep 26, 2026· 70m 59s· 8 players
Game mode
Random Map
Map size
Large (8 player)
Population
200
Speed
Normal
Resources
Standard
Victory
Conquest
Starting age
Dark Age
Ending age
Imperial Age
RankedLock teamsTeams togetherTeam positionsShared explorationLock speedFull tech treeHidden civsTurbo modeCheats
Victory
Defeat
🇨🇿 Persians · Czechia
980
+14
🇫🇷 Burgundians · France
921
+17
🇺🇸 Danes · United States
866
+20
🇦🇷 Bohemians · Argentina
860
+19
🇷🇴 Aztecs · Romania
997
-19
🇬🇧 Danes · United Kingdom
953
-18
🇭🇰 Britons · Hong Kong SAR China
917
-17
🇬🇧 Turks · United Kingdom
891
-16
lavive3113
10:22 Feudal Age
8:42 Double-Bit Axe
9:05 Horse Collar
11:20 Heavy Plow
11:33 Bow Saw
18:28 Castle Age
17:18 Stone Mining
18:56 Wheelbarrow
20:40 Crop Rotation
21:09 Hand Cart
24:39 Stone Shaft Mining
23:57 Gold Mining
26:08 Treadmill Crane
26:24 Murder Holes
28:05 Two-Man Saw
31:24 Imperial Age
29:03 Loom
29:03 Town Watch
29:01 Elite Skirmisher
30:40 Burgundian Vineyards
33:29 Chemistry
33:19 Conscription
33:35 Hoardings
32:58 Fletching
33:08 Padded Archer Armor
33:21 Town Patrol
32:47 Pikeman
33:28 Squires
34:23 Gold Shaft Mining
38:08 Caravan
38:38 Elite Coustillier
40:24 Bodkin Arrow
40:45 Leather Archer Armor
40:41 Forging
40:37 Scale Barding Armor
40:26 Guard Tower
40:56 Ballistics
40:22 Arrowslits
40:48 Masonry
45:13 Bracer
45:49 Iron Casting
45:35 Chain Barding Armor
52:29 Plate Barding Armor
52:54 Blast Furnace
52:28 Architecture
52:34 Keep
57:52 Fortified Wall
BottleDry
10:24 Feudal Age
12:03 Loom
14:47 Castle Age
12:47 Double-Bit Axe
12:55 Horse Collar
13:42 Stone Mining
13:45 Gold Mining
14:16 Stone Mining
15:47 Bow Saw
16:43 Heavy Plow
19:23 Wheelbarrow
18:44 Loom
19:35 Wheelbarrow
27:47 Imperial Age
26:47 Forging
26:37 Scale Mail Armor
28:01 Hand Cart
27:36 Town Watch
27:50 Gambesons
28:06 Squires
27:52 Arson
27:53 Hamask
28:30 Fletching
31:01 Chain Mail Armor
31:21 Iron Casting
32:30 Onager
32:37 Pikeman
34:56 Iron Casting
36:11 Plate Mail Armor
36:42 Blast Furnace
36:23 Scale Barding Armor
36:39 Man-at-Arms
37:00 Northmen's Fury
37:43 Halberdier
38:50 Long Swordsman
40:18 Ballistics
40:15 Elite Jomsviking
42:38 Bodkin Arrow
42:44 Padded Archer Armor
42:53 Crossbowman
43:39 Thumb Ring
44:03 Bracer
44:18 Leather Archer Armor
45:27 Chemistry
47:22 Ring Archer Armor
49:46 Conscription
49:56 Capped Ram
ladek23
0:29 Loom
10:29 Feudal Age
19:01 Castle Age
16:46 Horse Collar
21:20 Fletching
24:09 Double-Bit Axe
27:22 Heavy Plow
27:48 Bow Saw
27:56 Bodkin Arrow
32:46 Imperial Age
30:57 Ballistics
30:41 Pikeman
31:37 Forging
32:09 Wheelbarrow
32:56 Iron Casting
34:16 Crop Rotation
33:57 Gold Mining
35:28 Onager
36:12 Stone Mining
36:57 Cavalier
37:48 Bloodlines
37:39 Husbandry
37:42 Squires
38:56 Blast Furnace
39:44 Conscription
40:08 Hand Cart
44:58 Hoardings
44:35 Citadels
49:11 Town Watch
49:36 Scale Barding Armor
49:34 Scale Mail Armor
49:48 Masonry
49:34 Murder Holes
50:40 Chemistry
49:23 Light Cavalry
50:34 Hussar
51:39 Town Patrol
52:17 Stone Shaft Mining
52:18 Gold Shaft Mining
52:01 Chain Mail Armor
52:07 Chain Barding Armor
55:00 Plate Mail Armor
55:06 Plate Barding Armor
55:03 Halberdier
55:48 Elite War Elephant
57:48 Savar
Wolf-Salomon
4:56 Loom
10:31 Feudal Age
11:58 Wheelbarrow
11:10 Double-Bit Axe
11:47 Horse Collar
19:43 Castle Age
20:42 Hand Cart
20:31 Heavy Plow
20:43 Bow Saw
22:54 Town Watch
25:13 Town Patrol
25:06 Fletching
25:38 Murder Holes
30:41 Imperial Age
29:30 Chemistry
29:45 Forging
30:04 Squires
30:23 Masonry
30:16 Husbandry
30:45 Scale Mail Armor
31:12 Arson
34:01 Siege Engineers
33:43 Pikeman
35:01 Iron Casting
35:22 Halberdier
38:00 Blast Furnace
38:03 Architecture
37:52 Chain Mail Armor
38:43 Cavalier
39:30 Scale Barding Armor
40:00 Fortified Wall
40:16 Caravan
41:15 Plate Mail Armor
41:06 Chain Barding Armor
42:14 Coinage
43:29 Banking
43:09 Guilds
43:59 Chain Barding Armor
47:03 Guilds
47:20 Houfnice
48:13 Bodkin Arrow
49:48 Bracer
49:30 Light Cavalry
52:53 Conscription
54:42 Conscription
Kaizoku Oh
12:28 Feudal Age
18:14 Castle Age
17:26 Double-Bit Axe
17:25 Horse Collar
18:08 Stone Mining
20:43 Stone Shaft Mining
20:46 Bow Saw
21:40 Gold Mining
24:30 Loom
25:17 Forging
27:14 Wheelbarrow
26:56 Heavy Plow
30:59 Squires
36:29 Scale Mail Armor
37:04 Iron Casting
39:36 Ballistics
39:30 Masonry
40:54 Padded Archer Armor
40:44 Fletching
43:33 Imperial Age
41:25 Hand Cart
41:20 Thumb Ring
42:28 Bodkin Arrow
45:14 Cranequins
46:28 Bracer
48:33 Gold Shaft Mining
54:50 Heavy Mounted Crossbowman
57:14 Ballistics
58:09 Chemistry
62:57 Conscription
68:42 Blast Furnace
67:58 Chain Mail Armor
BabyShark
10:08 Feudal Age
15:43 Castle Age
17:42 Double-Bit Axe
18:46 Scale Barding Armor
20:35 Forging
25:21 Loom
28:14 Imperial Age
26:20 Wheelbarrow
26:02 Husbandry
26:38 Bow Saw
26:55 Gold Mining
27:28 Town Watch
29:03 Hand Cart
28:42 Stone Mining
31:46 Fletching
32:00 Padded Archer Armor
33:08 Ballistics
33:02 Fortified Wall
33:51 Conscription
35:14 Bodkin Arrow
35:34 Leather Archer Armor
37:14 Yeomen
41:44 Ring Archer Armor
41:15 Bracer
41:02 Elite Skirmisher
42:22 Elite Longbowman
43:31 Murder Holes
45:07 Crossbowman
50:31 Arbalester
dpiddock77
0:30 Loom
12:24 Feudal Age
14:13 Double-Bit Axe
14:33 Horse Collar
18:52 Castle Age
20:41 Wheelbarrow
20:41 Bow Saw
20:40 Heavy Plow
26:03 Hand Cart
29:39 Imperial Age
36:06 Artillery
42:00 Murder Holes
42:16 Fortified Wall
42:24 Heavy Camel Rider
44:53 Bloodlines
47:32 Forging
47:13 Fletching
47:28 Scale Barding Armor
47:24 Scale Mail Armor
47:25 Padded Archer Armor
47:25 Elite Janissary
57:57 Town Watch
68:13 Thumb Ring
Veni Vidi Avicii 2
11:34 Feudal Age
10:28 Loom
12:50 Horse Collar
12:57 Double-Bit Axe
16:42 Wheelbarrow
18:17 Castle Age
16:06 Town Watch
18:30 Stone Mining
23:31 Heavy Plow
28:00 Hand Cart
28:28 Bow Saw
30:17 Gold Mining
35:14 Imperial Age
33:01 Forging
32:52 Scale Mail Armor
33:32 Gold Shaft Mining
33:19 Pikeman
34:00 Squires
33:46 Gambesons
33:47 Arson
34:45 Stone Shaft Mining
35:18 Iron Casting
34:58 Chain Mail Armor
36:27 Crop Rotation
37:14 Blast Furnace
36:38 Conscription
38:57 Elite Jaguar Warrior
40:12 Plate Mail Armor
41:21 Garland Wars
44:47 Atlatl
44:17 Sappers
46:57 Coinage
46:07 Capped Ram
46:57 Siege Engineers
47:04 Fortified Wall
46:52 Murder Holes
47:30 Ballistics
48:11 Chemistry
46:51 Treadmill Crane
47:04 Siege Ram
Connection lost

Rejoining the realm…

Still unreachable

The connection could not be restored.

Session expired

The server has moved on; the page needs a fresh start.